 Dungeon Crawl Stone Soup version 0.29.1-12-g30fa7ad0bf (webtiles) character file.

Game seed: 12512756319631317628

63 hawla the Chiller (level 4, -1/34 HPs)
             Began as a Meteoran Ice Elementalist on Jan 9, 2023.
             Killed by divine providence
             ... invoked by an orc priest
              (14 damage)
             ... on level 3 of the Dungeon.
             The game lasted 00:03:22 (394 turns).

hawla the Chiller (Meteoran Ice Elementalist)        Turns: 394, Time: 00:03:23

Health: -1/34      AC:  2    Str:  9    XL:     4   Next: 56%
Magic:  6/10       EV: 13    Int: 19    God:
Gold:   6          SH:  0    Dex: 14    Spells: 5/9 levels left

rFire   . . .      SeeInvis .   c - +0 long sword
rCold   . . .      Faith    .   (no shield)
rNeg    . . .      Spirit   .   a - +0 robe
rPois   .          Reflect  .   (no helmet)
rElec   .          Harm     .   (no cloak)
rCorr   .          Rampage  .   (no gloves)
Will    .....                   (no boots)
Stlth   +.........              (no amulet)
HPRegen 0.11/turn               (no ring)
MPRegen 0.12/turn               (no ring)

@: freezing walls, glowing
A: sense surroundings 1, otherworldly, glowing, explore regen
a: no special abilities


You were on level 3 of the Dungeon.
You visited 1 branch of the dungeon, and saw 3 of its levels.

You collected 42 gold pieces.
You spent 36 gold pieces at shops.

Inventory:

Hand Weapons
 c - a +0 long sword (weapon)
Armour
 a - a +0 robe (worn)
Scrolls
 b - a scroll of identify {unknown}
Potions
 d - a potion of curing


   Skills:
 + Level 0.9 Fighting
 + Level 1.0 Long Blades
 + Level 3.1 Dodging
 - Level 1.4 Stealth
 + Level 3.3 Spellcasting
 + Level 5.2 Ice Magic


You had 5 spell levels left.
You knew the following spells:

 Your Spells              Type           Power      Damage    Failure   Level
a - Freeze                Ice            88%        1d10      1%          1
b - Frozen Ramparts       Ice            44%        1d7       5%          3

Your spell library contained the following spells:

 Spells                   Type           Power      Damage    Failure   Level
 Ozocubu's Armour         Ice            22%        N/A       5%          3
 Hailstorm                Conj/Ice       13%        3d5       45%         4


Dungeon Overview and Level Annotations

Branches:
Dungeon (3/15) Zot: 1390

Altars:

Shops:
D:3 !


Innate Abilities, Weirdness & Mutations

You passively map a small area around you.
You are easily found by Zot.
You glow in the dark.
You regain HP and MP as you explore.


Message History

Aim: a bat (severely wounded)
You freeze the bat.
You kill the bat!
d - a potion of curing Thank you for shopping at Xyticran's Distillery!
You hear a splashing noise.
You hear a shout!
An orc, an orc priest and a rat come into view.
The orc shouts!
The orc priest shouts!
An orc priest comes into view. It is wielding a +0 club.
The orc priest shouts!
An orc comes into view. It is wielding a +0 dagger.
An orc priest comes into view. It is wielding a +0 flail.
Casting: Freeze (safe; 1% risk of failure)
Confirm with . or Enter, or press ? or * to list all spells.
The spell is quite dangerous to miscast (6% risk of failure)!
Continue anyway?
Casting: Frozen Ramparts (quite dangerous; 6% risk of failure)
Press: ? - help, Dir - look around, f - activate The walls around you are covered in ice.
The orc priest shouts!
The wall freezes the orc but does no damage.
Unknown command.
The wall freezes the orc priest!
The orc priest hits something with a +0 dagger.
The wall freezes the orc!
You kill the orc!
The wall freezes the orc priest.
The wall freezes the rat.
You kill the rat!
Your Dodging skill increases to level 3!
The wall freezes the orc priest!
You kill the orc priest!
The orc priest calls down the wrath of Beogh upon you.
Beogh smites you!
Ouch! That really hurt!
A worm comes into view.
Your Long Blades skill increases to level 1!
You have reached level 4!
The wall freezes the orc priest.
The orc priest calls down the wrath of Beogh upon you.
Beogh smites you!
You die...

*** ****** *,* **~~~~** ### *,*
*~~~~~~***♣####.#########
*,***~~~~~~~~*♣.##∩.........#
**,**~~~~~~~~~~♣.###.######..#
,,,**~~~~~~~~~~♣.###.# ##...####
**,*~~~~~~~~~~~♣.....# #........
*,*~~~~~~~~~~~♣@##### ##...####
*,*~~~~~≈PPP~o).# ##.##
*,,~~~~~~~PP~o### #.#
***~~~~~~~~~~o* #.#
*~~~~~~~~~w~****** ##'##
*~~~~~~~~~~~,,,,>* ##...##
***~,~~,..~~~~****,**###.....##
*,,,,,,,....,,,,,,,,..........##
**,,,,,,,,,,,,,,,,,,*##.........#


You could see a worm, 2 orc priests and an orc.

Vanquished Creatures
  An orc priest (D:3)
  2 orcs (D:3)
  3 endoplasms
  3 giant cockroaches
  3 goblins (D:3)
  3 hobgoblins
  4 jackals (D:1)
  A quokka (D:3)
  2 ball pythons
  A bat (D:3)
  2 kobolds
  3 rats
28 creatures vanquished.

Vanquished Creatures (others)
  16 plants (D:3)
16 creatures vanquished.

Grand Total: 44 creatures vanquished

Notes
Turn   | Place    | Note
-------+----------+-------------------------------------------
     0 | D:1      | hawla the Meteoran Ice Elementalist began the quest for the
                  | Orb.
     0 | D:1      | Reached XP level 1. HP: 14/14 MP: 5/5
    16 | D:1      | Reached XP level 2. HP: 3/20 MP: 6/6
   215 | D:2      | Reached XP level 3. HP: 23/26 MP: 6/8
   219 | D:2      | Learned a level 3 spell: Frozen Ramparts
   248 | D:3      | HP: 1/26 [quokka (3)]
   288 | D:3      | Reached skill level 5 in Ice Magic
   373 | D:3      | Found Xyticran's Distillery.
   383 | D:3      | Bought a potion of curing for 36 gold pieces
   394 | D:3      | Reached skill level 1 in Long Blades
   394 | D:3      | Reached XP level 4. HP: 13/34 MP: 6/10
   394 | D:3      | Killed from afar by an orc priest

Illustrated notes

Levels and vault maps discovered:
D:1:      minmay_arrival_four_circles, layout_rooms
D:2:      layout_basic, basic_ecumenical_altar
D:3:      layout_loops_corners, yredelemnul_altar_generic,
          nicolae_overflow_two_pavilions, serial_shops, shop, serial_bayou,
          serial_bayou_shore_b, serial_bayou_pond_b, serial_bayou_crossing,
          serial_bayou_shore_a, serial_bayou_pond_b, gammafunk_ghost_split

Skill      XL: |  1  2  3 |
---------------+----------+-----
Spellcasting   | 3 |  3.3
Ice Magic      | 5 |  5.2
Dodging        | 3 |  3.1
Long Blades    | 1 |  1.0
Fighting       | |  0.9
Stealth        | |  1.4

Action                   |  1- 3 |  4- 6 || total
-------------------------+-------+-------++-------
Melee: Long sword        |    30 |       ||    30
 Cast: Freeze            |    17 |       ||    17
       Frozen Ramparts   |     2 |       ||     2
  Use: Potion            |     1 |       ||     1
       Scroll            |     5 |       ||     5
Armor: Robe              |    23 |       ||    23
Dodge: Dodged            |    39 |       ||    39
